 Dungeon Crawl Stone Soup version 0.27-a0-1200-g94dc6ad4cf (webtiles) character file.

Game seed: 1252964584715774526

5697 Morbidden the Sneak (level 10, -4/83 (84) HPs)
             Began as a Minotaur Brigand on June 1, 2021.
             Was an Elder of Cheibriados.
             Slain by a tengu warrior
             ... wielding a +0 great mace of draining
             ... led by a tengu conjurer
              (23 damage)
             ... on level 13 of the Dungeon.
             The game lasted 00:14:30 (12136 turns).

Morbidden the Sneak (Minotaur Brigand)             Turns: 12136, Time: 00:14:30

HP:   -4/83 (84)    AC: 13    Str: 25    XL:     10   Next: 47%
MP:   13/13         EV: 16    Int: 20    God:    Cheibriados [****..]
Gold: 638           SH:  0    Dex: 21    Spells: 14/15 levels left

rFire    . . .     SeeInvis .   z - +4 scimitar
rCold    + . .     Faith    .   (no shield)
rNeg     . . .     Spirit   .   H - +3 leather armour {rC+}
rPois    .         Reflect  .   (helmet restricted)
rElec    .         Harm     .   c - +1 cloak
rCorr    .         Rampage  .   G - +2 pair of gloves
Will     .....                  x - +0 pair of boots
Stlth    ++++......             (no amulet)
HPRegen  0.23/turn              u - ring of flight
MPRegen  0.13/turn              (no ring)

@: flying, hasted, studying Stealth, lightly drained, slow
A: horns 2, retaliatory headbutt
a: Renounce Religion, Bend Time, Temporal Distortion, Slouch


You were on level 13 of the Dungeon.
You worshipped Cheibriados.
Cheibriados was greatly pleased with you.
You visited 1 branch of the dungeon, and saw 11 of its levels.
You also visited: Sewer.

You collected 638 gold pieces.

Inventory:

Hand Weapons
 a - a +3 whip of venom
 b - a +3 dagger of flaming
 w - a +2 antimagic dagger
 z - a +4 scimitar (weapon)
Missiles
 d - 38 poisoned darts (quivered)
 e - 2 curare-tipped darts
 i - 18 boomerangs
 I - a throwing net
Armour
 c - a +1 cloak (worn)
 p - a +0 chain mail
 t - a +0 scale mail
 x - a +0 pair of boots (worn)
 G - a +2 pair of gloves (worn)
 H - a +3 leather armour of cold resistance (worn)
Jewellery
 u - a ring of flight (left hand)
Wands
 l - a wand of acid (3)
 B - a wand of polymorph (10)
 E - a wand of mindburst (12)
Scrolls
 f - a scroll of enchant weapon
 j - 8 scrolls of identify
 q - 2 scrolls of blinking
 v - 2 scrolls of teleportation
 y - a scroll of magic mapping
 D - 2 scrolls of enchant armour
Potions
 g - a potion of ambrosia {unknown}
 h - a potion of haste
 k - 3 potions of brilliance
 m - 2 potions of degeneration {unknown}
 n - a potion of invisibility
 o - a potion of mutation
 A - a potion of attraction {unknown}
 F - a potion of flight {unknown}
 J - a potion of lignification {unknown}


   Skills:
 * Level 6.9 Fighting
 * Level 4.5(5.5) Short Blades
 * Level 5.0(6.0) Long Blades
 + Level 6.5 Maces & Flails
 + Level 3.0 Throwing
 + Level 6.0 Armour
 * Level 6.1 Dodging
 * Level 7.4 Stealth
 * Level 3.1 Spellcasting
 * Level 1.4 Conjurations
 * Level 1.7 Fire Magic
 * Level 3.4 Invocations


You had 14 spell levels left.
You knew the following spells:

 Your Spells              Type           Power      Damage    Failure   Level
a - Foxfire               Conj/Fire      36%        2x1d5     9%          1

Your spell library contained the following spells:

 Spells                   Type           Power      Damage    Failure   Level
 Magic Dart               Conj           32%        1d4       9%          1
 Searing Ray              Conj           16%        3d3       13%         2
 Animate Skeleton         Necr           6%         N/A       16%         1
 Apportation              Tloc           6%         N/A       16%         1
 Corona                   Hex            3%         N/A       16%         1
 Summon Small Mammal      Summ           12%        N/A       16%         1
 Blink                    Tloc           N/A        N/A       24%         2
 Call Imp                 Summ           3%         N/A       24%         2
 Ensorcelled Hibernation  Hex/Ice        6%         N/A       24%         2
 Slow                     Hex            3%         N/A       24%         2
 Conjure Flame            Conj/Fire      9%         6-21      24%         3
 Inner Flame              Hex/Fire       6%         N/A       32%         3
 Dazzling Flash           Conj/Hex       12%        N/A       34%         3
 Mephitic Cloud           Conj/Pois/Air  5%         N/A       36%         3
 Confusing Touch          Hex            3%         N/A       43%         3
 Tukima's Dance           Hex            3%         N/A       43%         3
 Sticky Flame             Conj/Fire      9%         2d3       63%         4
 Fulminant Prism          Conj/Hex       3%         3d6       75%         4
 Iskenderun's Mystic Bla  Conj/Tloc      6%         2d4       75%         4
 Fireball                 Conj/Fire      4%         3d4       92%         5


Dungeon Overview and Level Annotations

Branches:
Dungeon (10/15)            Temple (0/1) D:7             Orc (0/2) D:9
  Sewer (visited)
   Lair: D:8-11

Altars:
Cheibriados
Dithmenos
Fedhas
Ru

Shops:
D:2 ?   D:9 (

Portals:
Trove: D:10 (show abyssal rune of Zot)


Innate Abilities, Weirdness & Mutations

You have a pair of horns on your head.
You reflexively headbutt those who attack you in melee.


Message History

Unknown command.
It was a potion of haste.
You feel yourself speed up.
Cheibriados forgives your accidental hurry, just this once.
The tengu warrior hits you but does no damage.
You feel drained.
The tengu warrior pecks you but does no damage.
The tengu warrior claws you but does no damage.
Unknown command.
Okay, then.
The tengu warrior closely misses you. The tengu warrior barely misses you.
The tengu warrior claws you.
* * * LOW HITPOINT WARNING * * *
Unknown command.
Unknown command.
Aiming: Paralyse
Press: ? - help, Shift-Dir - straight line, f - tengu warrior
Aim: a tengu warrior, wielding a +0 great mace of draining and wearing a +0 leather armour (chance to affect: 28%)
The tengu warrior easily resists.
The now-empty wand crumbles to dust.
Unknown command.
Unknown command.
You don't have any such object.
Evoke which item? (* to show all) (? for menu, Esc to quit)
Okay, then.
Unknown command.
Unknown command.
You don't have any such object.
Evoke which item? (* to show all) (? for menu, Esc to quit)
Okay, then.
Unknown command.
You don't have any such object.
Evoke which item? (* to show all) (? for menu, Esc to quit)
Okay, then.
Unknown command.
Aiming: Corrosive Bolt
Press: ? - help, Shift-Dir - straight line, f/p - tengu warrior
Aim: a tengu warrior, wielding a +0 great mace of draining and wearing a +0 leather armour (46% to hit)
The bolt of acid misses the tengu warrior.
You hear an angry hiss.
The tengu warrior hits you with a +0 great mace of draining!!
You die...

**,***,*,,,*,*,* *,* **, *,**
**,,,,,...* *,* ****, ,**
**,,,,...*#### *,* **,,*, *,**
**,*,,,*..,,..###*,****,,©*©
**,***,**,,,,..,,.(..,,y[,,*,,,*,
**,,*,,******#.**#..#**.#*,,,,<*,
*,**,**,* #.* #..###.###*****,
**,***,** #.###.........,,,,*,
**,*,** #..@Q......#********
*,,** #####..#.###
*,*********#####.....##
*,,,,,,,,,............# #######
*,********######.#...## #.....#
*,* #.##.#####.....# *,*
******#.##....##...)..
*,********,,,>,#..............#
*,,,,,,,,,,***,####....##.....#


You could see a tengu warrior.

Vanquished Creatures
  A cyclops (D:13)
  A tengu conjurer (D:13)
  Grinder (D:5)
  Sigmund (D:2)
  3 yaks (D:9)
  A steam dragon (D:9)
  2 vampire mosquitoes (D:13)
  5 water moccasins
  2 orc warriors
  A black bear (D:4)
  A necrophage (D:8)
  2 ice beasts (D:6)
  2 ogres (D:5)
  2 sky beasts
  3 centaurs
  A phantom (D:6)
  2 kobold brigands (D:9)
  5 scorpions
  5 wights (D:9)
  4 howler monkeys
  3 centaur zombies
  2 jellies
  2 centaur skeletons
  A hound (D:4)
  4 orc priests
  A bullfrog skeleton (D:5)
  Natasha (thrice) (D:3)
  2 gnoll shamans
  Terence (D:3)
  An iguana (D:5)
  2 orc wizards (D:9)
  A killer bee zombie (D:7)
  A hound skeleton (D:4)
  5 howler monkey zombies
  A howler monkey skeleton (D:5)
  12 adders
  11 gnolls
  A white imp (D:7)
  2 ufetubi
  An adder skeleton (D:4)
  2 worms
  2 dart slugs
  31 orcs
  6 ball pythons
  7 bats
  4 endoplasms
  6 giant cockroaches
  6 goblins
  7 hobgoblins
  13 jackals
  4 quokkas
  4 frilled lizards
  29 kobolds
  4 rats
227 creatures vanquished.

Vanquished Creatures (others)
  3 orcs (D:9)
  A kobold (D:9)
  63 plants (D:9)
67 creatures vanquished.

Grand Total: 294 creatures vanquished

Notes
Turn   | Place    | Note
-------+----------+-------------------------------------------
     0 | D:1      | Morbidden the Minotaur Brigand began the quest for the Orb.
     0 | D:1      | Reached XP level 1. HP: 18/18 MP: 0/0
   134 | D:1      | Found a faded altar of an unknown god.
   294 | D:1      | Reached XP level 2. HP: 25/25 MP: 1/1
   983 | D:2      | Found Rudod's Magic Scroll Emporium.
  1030 | D:2      | Reached XP level 3. HP: 28/30 MP: 2/2
  1120 | D:2      | Noticed Sigmund
  1126 | D:2      | Killed Sigmund
  1127 | D:2      | Reached skill level 1 in Maces & Flails
  1127 | D:2      | Reached skill level 4 in Stealth
  1127 | D:2      | Reached XP level 4. HP: 32/38 MP: 2/4
  1127 | D:2      | Reached XP level 5. HP: 38/45 MP: 2/5
  1130 | D:2      | Reached skill level 1 in Spellcasting
  1195 | D:2      | Found a shadowy altar of Dithmenos.
  2088 | D:3      | Noticed Terence
  2097 | D:3      | Killed Terence
  2385 | D:3      | Noticed Natasha
  2391 | D:3      | Killed Natasha
  2392 | D:3      | Reached XP level 6. HP: 49/51 MP: 6/6
  2830 | D:3      | Noticed Natasha
  2839 | D:3      | Killed Natasha
  3490 | D:3      | Noticed Natasha
  3499 | D:3      | Killed Natasha
  3988 | D:4      | Reached skill level 5 in Stealth
  4265 | D:4      | Reached XP level 7. HP: 30/58 MP: 8/8
  5075 | D:5      | Entered Level 5 of the Dungeon
  5189 | D:5      | Reached skill level 1 in Armour
  5404 | D:5      | Found a glowing drain.
  5424 | Sewer    | Entered a sewer
  5715 | Sewer    | Gained mutation: You are somewhat resistant to further
                  | mutation. [potion of mutation]
  5715 | Sewer    | Lost mutation: You are somewhat resistant to further
                  | mutation. [potion of mutation]
  5895 | D:5      | Reached XP level 8. HP: 48/67 MP: 10/10
  5987 | D:5      | Found a snail-covered altar of Cheibriados.
  6078 | D:5      | Became a worshipper of Cheibriados the Contemplative
  6585 | D:5      | Noticed Grinder
  6593 | D:5      | Killed Grinder
  6594 | D:5      | Reached skill level 5 in Maces & Flails
  6687 | D:6      | Reached skill level 1 in Invocations
  6771 | D:6      | Reached * piety under Cheibriados
  6772 | D:6      | Reached skill level 5 in Fighting
  6937 | D:6      | Identified a scroll of acquirement
  6937 | D:6      | Acquired a manual of Stealth
  7570 | D:6      | Reached skill level 6 in Stealth
  7570 | D:6      | Reached XP level 9. HP: 48/74 MP: 11/11
  7696 | D:6      | Found a blossoming altar of Fedhas.
  7696 | D:6      | Found a shadowy altar of Dithmenos.
  7716 | D:6      | Reached skill level 1 in Long Blades
  7726 | D:6      | Reached skill level 5 in Dodging
  7760 | D:6      | Reached skill level 5 in Armour
  7768 | D:6      | Identified the +0 cloak of Zemie {rElec rN++ rCorr Int-4}
  8358 | D:7      | Reached ** piety under Cheibriados
  8493 | D:7      | Learned a level 1 spell: Foxfire
  8640 | D:7      | Found a staircase to the Ecumenical Temple.
  9908 | D:8      | Found a sacrificial altar of Ru.
 10245 | D:9      | Found Rariaps's Weapon Emporium.
 10248 | D:9      | Found a staircase to the Orcish Mines.
 10292 | D:9      | Reached skill level 1 in Fire Magic
 10309 | D:9      | Reached skill level 1 in Conjurations
 10350 | D:9      | Reached *** piety under Cheibriados
 10762 | D:9      | Reached **** piety under Cheibriados
 10763 | D:9      | Reached XP level 10. HP: 57/84 MP: 13/13
 10765 | D:9      | Reached skill level 7 in Stealth
 11864 | D:10     | Entered Level 10 of the Dungeon
 11931 | D:10     | Found a portal to a secret trove of treasure.
 12082 | D:10     | You are sucked into a shaft and drop 3 floors!
 12107 | D:13     | Noticed a cyclops
 12131 | D:13     | Noticed a tengu warrior
 12132 | D:13     | Killed a cyclops
 12133 | D:13     | Reached skill level 5 in Long Blades
 12136 | D:13     | Slain by a tengu warrior

Illustrated notes

Levels and vault maps discovered:
D:1:      saegor_arrival_simple_e, layout_loops_corners,
          hellmonk_ecumenical_altar_blasted
D:2:      layout_basic, basic_altar, serial_shops, shop, uniq_sigmund
D:3:      layout_loops_corners, uniq_natasha, uniq_terence
D:4:      layout_gridville
D:5:      layout_gridville, overflow_temple_1_default, portal_sewer_entry_f,
          st_stairs_2, uniq_grinder
D:6:      layout_gridville, jmf_multi_god_temple
D:7:      layout_loops_corners, minmay_temple_entry_waves
D:8:      layout_gridville, kennysheep_mini, st_stairs_9
D:9:      kennysheep_kobold_camp, layout_rooms, orc_david_3
D:10:     layout_loops_cross, nicolae_trove_entry_isolated
D:13:     gammafunk_cloud_chamber, layout_loops_ring, david_vaults_1,
          portal_ice_cave_rime, uniq_rupert

Skill      XL: |  1  2  3  4  5  6  7  8  9 10 |
---------------+-------------------------------+-----
Fighting       | 3 4 5 6 |  6.9
Maces & Flails | 1 2 3 4 5 6 |  6.5
Dodging        | 2 3 4 5 6 |  6.1
Stealth        | 4 5 6 7 |  7.4
Spellcasting   | 1 2 3 |  3.1
Armour         | 2 4 5 6 |  6.0
Invocations    | 1 2 3 |  3.4
Short Blades   | 3 4 |  4.5
Long Blades    | 4 5 |  5.0
Fire Magic     | 1 |  1.7
Conjurations   | 1 |  1.4
Throwing       | 3 |  3.0

Action                   |  1- 3 |  4- 6 |  7- 9 | 10-12 || total
-------------------------+-------+-------+-------+-------++-------
Melee: Whip              |    43 |   117 |   254 |    23 ||   437
       Headbutt          |     8 |    22 |    80 |    37 ||   147
       Dagger            |       |       |    61 |    51 ||   112
       Scimitar          |       |       |    76 |    18 ||    94
Throw: Boomerang         |     1 |       |     5 |       ||     6
       Dart              |       |       |     6 |       ||     6
Evoke: Wand              |       |       |       |     2 ||     2
  Use: Scroll            |       |       |     7 |     5 ||    12
       Potion            |       |       |     5 |     2 ||     7
 Stab: Sleeping          |     6 |     9 |     2 |     1 ||    18
Armor: Robe              |    14 |    17 |       |       ||    31
       Scale mail        |       |     7 |   135 |       ||   142
       Leather armour    |       |       |    48 |    50 ||    98
Dodge: Dodged            |    29 |    65 |   249 |    60 ||   403
       Rpst.: Scimitar   |       |       |     9 |     2 ||    11

Table legend: (Time is in decaauts)
 A = Elapsed time spent in this place.
 B = Non-inter-level travel time spent in this place.
 C = Inter-level travel time spent in this place.
 D = Time resting spent in this place.
 E = Time spent auto-exploring this place.
 F = Levels seen in this place.
 G = Mean time per level.
                   A        B        C        D        E       F      G
               +--------+--------+--------+--------+--------+-----+--------+
         Total |  13889 |  13381 |    508 |    505 |  10911 |  12 | 1157.4 |
       Dungeon |  13421 |  12913 |    508 |    304 |  10710 |  11 | 1220.1 |
         Sewer |    467 |    467 |      0 |    201 |    201 |   1 |  467.0 |
               +--------+--------+--------+--------+--------+-----+--------+

Top non-repeatable levels by time:
     D:9: 2208 daAuts
     D:6: 1765 daAuts
     D:3: 1757 daAuts
     D:8: 1362 daAuts
     D:7: 1338 daAuts
     D:4: 1317 daAuts
     D:5: 1262 daAuts
     D:2: 1018 daAuts
     D:1: 985 daAuts
   Sewer: 467 daAuts
    D:10: 346 daAuts
    D:13: 59 daAuts
